 Dungeon Crawl Stone Soup version 0.32-a0-42-ga30500b4d3 (webtiles) character file.

Game seed: 4903603806901993830

312 lunkers the Cudgeller (level 6, -1/62 HPs)
             Began as an Oni Berserker on Feb 1, 2024.
             Was a Believer of Trog.
             Slain by a kobold
             ... wielding a +0 club
              (2 damage)
             ... on level 4 of the Dungeon.
             The game lasted 00:03:21 (2807 turns).

lunkers the Cudgeller (Oni Berserker)               Turns: 2807, Time: 00:03:22

Health: -1/62      AC:  4    Str: 24    XL:     6   Next: 42%
Magic:  6/6        EV: 10    Int:  8    God:    Trog [**....]
Gold:   145        SH:  0    Dex:  8    Spells: 5/5 levels left

rFire   . . .        b - +0 flail
rCold   . . .        (no shield)
rNeg    . . .        r - +1 animal skin
rPois   .            (helmet restricted)
rElec   .            (no cloak)
rCorr   .            (gloves unavailable)
SInv    .            (boots unavailable)
Will    .....        (no amulet)
Stlth   +            (no ring)
HPRegen 0.30/turn    (no ring)
MPRegen 0.10/turn

%: no passive effects
@: on berserk cooldown
A: large, unfitting armour, horns 1, tough skin 1, double potion healing,
drunken brawling
a: Renounce Religion, Berserk, Trog's Hand


You were on level 4 of the Dungeon.
You worshipped Trog.
Trog was pleased with you.
You visited 1 branch of the dungeon, and saw 4 of its levels.

You collected 145 gold pieces.

Inventory:

Hand Weapons
 a - a +0 mace
 b - a +0 flail (weapon)
Missiles
 i - 5 boomerangs
 q - 10 stones
Armour
 r - a +1 animal skin (worn)
Scrolls
 c - a scroll of vulnerability {unknown}
 f - 3 scrolls of blinking {unknown}
 g - a scroll of immolation {unknown}
 h - a scroll of poison {unknown}
 k - a scroll of teleportation {unknown}
 o - a scroll of revelation {unknown}
Potions
 d - a potion of might
 e - 2 potions of heal wounds {unknown}
 j - a potion of mutation {unknown}
 l - a potion of brilliance {unknown}
 m - a potion of berserk rage {unknown}
 n - a potion of magic {unknown}
 p - a potion of degeneration {unknown}


   Skills:
 - Level 4.0 Fighting
 * Level 7.0 Maces & Flails
 - Level 2.6 Dodging


You had 5 spell levels left.
You didn't know any spells.
Your spell library was empty.

Dungeon Overview and Level Annotations

Branches:
Dungeon (4/15)
 Temple: D:4-7

Altars:
Kikubaaqudgha


Innate Abilities, Weirdness & Mutations

You are too large for most types of armour.
You have a pair of small horns on your head.
You have tough skin. (AC +1)
You gain doubled healing and magic from potions.
Whenever you drink a healing potion, you attack all around you.


Message History

The iguana is heavily wounded.
The jackal closely misses you. The jackal barely misses you.
The iguana bites you.
* * * LOW HITPOINT WARNING * * *
The jackal bites you.
* * * LOW HITPOINT WARNING * * *
You barely miss the iguana.
The iguana is heavily wounded.
The iguana closely misses you. The jackal closely misses you.
The kobold hits you but does no damage. The iguana closely misses you.
The jackal barely misses you. The kobold hits you with a +0 club.
* * * LOW HITPOINT WARNING * * *
You barely miss the iguana.
The iguana is heavily wounded.
The jackal barely misses you. The iguana bites you!
* * * LOW HITPOINT WARNING * * *
The kobold hits you with a +0 club.
* * * LOW HITPOINT WARNING * * *
The jackal bites you but does no damage.
The iguana bites you!
* * * LOW HITPOINT WARNING * * *
You barely miss the iguana.
You headbutt the iguana, but do no damage.
The iguana is heavily wounded.
The jackal barely misses you. The kobold misses you.
The jackal barely misses you. The iguana bites you.
* * * LOW HITPOINT WARNING * * *
The kobold hits you with a +0 club.
* * * LOW HITPOINT WARNING * * *
The jackal bites you but does no damage.
Unknown command.
You hit the iguana. Your headbutt misses the iguana.
The iguana is severely wounded.
You feel yourself speed up. The iguana bites you.
* * * LOW HITPOINT WARNING * * *
The jackal bites you.
* * * LOW HITPOINT WARNING * * *
The kobold hits you with a +0 club.
You die...

....<....<###....#
........†[.......##
..................##
#.......[.....$....##
####..o.###....o....#
#.....#.#..Jo...##
#.........#..ol.J..#
.............####lo.##
.............# #@ho..#
..........=###
##K....# ............
#.....# .......
........ ....
.....##.. ... .....# .
......# ....#


You could see an iguana, 2 orcs, an endoplasm, a jackal and a kobold.

Vanquished Creatures
  A phantom (D:4)
  2 vampire bats (D:3)
  A hound (D:4)
  Terence (D:3)
  3 adders
  A ribbon worm (D:2)
  3 dart slugs
  3 orcs
  2 ball pythons
  3 bats (D:1)
  A bat skeleton (D:3)
  5 bat zombies (D:3)
  7 endoplasms
  2 giant cockroaches
  4 hobgoblins
  9 jackals
  3 quokkas
  3 frilled lizards
  3 goblins
  4 kobolds
  6 rats
67 creatures vanquished.

Notes
Turn   | Place    | Note
-------+----------+-------------------------------------------
     0 | D:1      | lunkers the Oni Berserker began the quest for the Orb.
     0 | D:1      | Reached XP level 1. HP: 24/24 MP: 1/1
   397 | D:1      | Reached XP level 2. HP: 31/32 MP: 2/2
   807 | D:1      | Reached skill level 4 in Maces & Flails
  1109 | D:2      | Reached XP level 3. HP: 39/39 MP: 3/3
  1146 | D:2      | Reached ** piety under Trog
  1821 | D:3      | Noticed Terence
  1832 | D:3      | Killed Terence
  1833 | D:3      | Reached skill level 5 in Maces & Flails
  1833 | D:3      | Reached XP level 4. HP: 27/48 MP: 4/4
  2198 | D:3      | Found an ancient bone altar of Kikubaaqudgha.
  2206 | D:3      | Reached XP level 5. HP: 52/54 MP: 5/5
  2218 | D:3      | Reached skill level 6 in Maces & Flails
  2762 | D:4      | Noticed a phantom
  2765 | D:4      | Reached XP level 6. HP: 60/62 MP: 6/6
  2774 | D:4      | Reached skill level 7 in Maces & Flails
  2807 | D:4      | HP: 2/62 [iguana (3)]
  2807 | D:4      | Slain by a kobold

Illustrated notes

Levels and vault maps discovered:
D:1:      minmay_arrival_glassed_features, layout_loops_corners,
          minmay_tromino_i2
D:2:      layout_rooms, chequers_serial_rivers_micro_b, serial_park_tiny_1,
          minmay_misc_feat_tower
D:3:      layout_loops_cross, kennysheep_vampire_church, uniq_terence
D:4:      layout_cave_pools

Skill      XL: |  1  2  3  4  5  6 |
---------------+-------------------+-----
Maces & Flails | 4 5 6 7 |  7.0
Fighting       | |  4.0
Dodging        | |  2.6

Action                     |  1- 3 |  4- 6 || total
---------------------------+-------+-------++-------
  Melee: Mace              |   121 |    68 ||   189
         Headbutt          |    16 |    11 ||    27
         Flail             |       |    14 ||    14
  Throw: Stone             |    18 |       ||    18
 Invoke: Berserk           |     1 |     1 ||     2
    Use: Scroll            |     2 |       ||     2
   Stab: Sleeping          |     1 |       ||     1
 Armour: Animal skin       |    91 |   116 ||   207
  Dodge: Dodged            |    82 |    93 ||   175

Table legend: (Time is in decaauts)
 A = Elapsed time spent in this place.
 B = Non-inter-level travel time spent in this place.
 C = Inter-level travel time spent in this place.
 D = Time resting spent in this place.
 E = Time spent auto-exploring this place.
 F = Levels seen in this place.
 G = Mean time per level.
                   A        B        C        D        E       F      G
               +--------+--------+--------+--------+--------+-----+--------+
         Total |   2860 |   2773 |     87 |     39 |   2239 |   4 |  715.0 |
       Dungeon |   2860 |   2773 |     87 |     39 |   2239 |   4 |  715.0 |
               +--------+--------+--------+--------+--------+-----+--------+

Top non-repeatable levels by time:
     D:1: 1080 daAuts
     D:3: 968 daAuts
     D:2: 753 daAuts
     D:4: 58 daAuts
